Chicago Black Hawks vs Los Angeles Kings
Created - Sunday, October 6, 2024 at 09:34
Goals
|
| Chicago Black Hawks |
0 |
3 |
0 |
3 |
| Los Angeles Kings |
1 |
4 |
1 |
6 |
|
Shots
|
| Chicago Black Hawks |
15 |
11 |
14 |
40 |
| Los Angeles Kings |
8 |
18 |
2 |
28 |
|
1st period
1. Los Angeles Kings , Andrei Svechnikov 6 (Alexander Romanov 7, Owen Power 7) at 9:56
Penalties :
Andrei Svechnikov (LAK) for Cross-checking (Minor) at 3:57
2nd period
2. Chicago Black Hawks , Devon Toews 3 (Brayden Point 20) at 5:15
3. Los Angeles Kings , Andrei Svechnikov 7 (Adam Fantilli 16) at 7:14 (PP)
4. Los Angeles Kings , Andrei Svechnikov 8 (Adam Fantilli 17) at 11:00
5. Chicago Black Hawks , Brayden Point 19 (Chris Kreider 28, Sidney Crosby 24) at 11:14
6. Los Angeles Kings , Andrei Svechnikov 9 (Seth Jarvis 17) at 15:46 (SH)
7. Los Angeles Kings , Andrei Kuzmenko 14 (Alexander Romanov 8) at 16:00 (SH)
8. Chicago Black Hawks , Sidney Crosby 14 (Brayden Point 21, Seth Jones 11) at 16:37 (PP)
Penalties :
Cale Makar (CHI) for High sticking (Minor) at 2:58, Seth Jones (CHI) for Holding (Minor) at 7:13, K'Andre Miller (LAK) for Hooking (Minor) at 8:44, Noah Dobson (LAK) for Slashing (Double Minor) at 14:58
3rd period
9. Los Angeles Kings , Seth Jarvis 16 (Owen Power 8, Logan Cooley 14) at 10:16
Penalties :
Jakub Zboril (LAK) for Tripping (Minor) at 10:54, Vitali Kravtsov (LAK) for Hooking (Minor) at 16:25, Ryan Hartman (CHI) for Holding (Minor) at 18:56
Goalie Stats
Adin Hill (CHI), 22 saves from 28 shots - (0.786), L, 3-2-1, 60:00 minutes
Jonas Johansson (LAK), 37 saves from 40 shots - (0.925), W, 9-11-2, 60:00 minutes
Players Stats for Chicago Black Hawks
Player Name G A P +/- PIM S H SB GA TA FO MP PP MP PK MP
------------------------------------------------------------------------------------
Alex DeBrincat 0 0 0 -1 0 1 0 0 0 0 0/0 7:19 0:00 0:00
Bo Horvat 0 0 0 -1 0 1 1 0 0 0 14/19 18:45 5:44 0:00
Brandon Hagel 0 0 0 -3 0 3 2 0 0 1 0/0 20:13 5:50 1:29
Brayden Point 1 2 3 -1 0 9 2 0 1 2 2/2 18:53 5:50 0:00
Cale Makar 0 0 0 -3 2 0 0 1 0 1 0/0 25:27 5:51 0:38
Chris Kreider 0 1 1 1 0 3 1 2 0 0 0/1 18:59 5:44 0:00
Devon Toews 1 0 1 2 0 2 1 0 0 0 0/0 17:45 0:00 1:33
Filip Forsberg 0 0 0 -1 0 4 3 0 0 0 0/1 18:45 5:44 0:00
Filip Hronek 0 0 0 -2 0 3 1 1 0 1 0/0 16:53 5:43 0:53
Jamie Benn 0 0 0 0 0 1 0 0 2 0 10/13 13:32 0:00 1:37
Kevin Fiala 0 0 0 0 0 1 1 0 0 0 0/0 11:55 0:00 0:00
Lucas Raymond 0 0 0 0 0 3 0 0 1 0 1/1 12:30 0:00 0:35
Marcus Pettersson 0 0 0 0 0 0 0 0 0 0 0/0 10:54 0:00 0:43
Nicholas Paul 0 0 0 -1 0 0 1 0 2 0 1/2 8:50 0:00 1:26
Ryan Hartman 0 0 0 -1 2 0 1 0 0 0 0/0 8:17 0:00 0:59
Seth Jones 0 1 1 -2 2 2 1 1 0 0 0/0 25:47 5:51 0:45
Sidney Crosby 1 1 2 -1 0 6 0 0 0 0 16/24 18:53 5:50 0:00
Travis Sanheim 0 0 0 -1 0 1 1 0 1 0 0/0 23:17 5:43 1:34
Players Stats for Los Angeles Kings
Player Name G A P +/- PIM S H SB GA TA FO MP PP MP PK MP
------------------------------------------------------------------------------------
Adam Fantilli 0 2 2 1 0 3 0 1 0 0 7/17 14:22 1:29 0:00
Alexander Romanov 0 2 2 3 0 1 1 1 0 1 0/0 23:50 1:53 6:12
Andrei Kuzmenko 1 0 1 0 0 4 1 2 0 0 2/8 17:37 0:00 5:34
Andrei Svechnikov 4 0 4 2 2 7 0 1 0 0 0/0 19:01 1:29 4:34
Blake Wheeler 0 0 0 0 0 0 0 1 0 0 0/5 6:23 0:00 0:00
Jakub Zboril 0 0 0 1 2 1 0 0 0 0 0/0 16:15 0:00 2:14
Joshua Brown 0 0 0 1 0 0 1 2 0 1 0/0 14:01 0:00 0:00
K'Andre Miller 0 0 0 -1 2 2 1 0 0 1 0/0 21:21 1:10 4:28
Logan Cooley 0 1 1 1 0 1 1 0 2 0 4/12 16:00 1:34 0:10
Michael Eyssimont 0 0 0 -1 0 1 1 1 0 2 3/12 13:17 0:00 1:07
Michael Milne 0 0 0 1 0 0 0 0 0 1 0/0 19:57 1:29 0:00
Noah Dobson 0 0 0 -1 4 1 0 2 2 0 0/0 20:47 1:10 3:43
Owen Power 0 2 2 3 0 3 2 2 1 1 0/0 23:56 1:53 6:31
Peyton Krebs 0 0 0 1 0 0 4 0 0 0 0/0 16:20 1:34 0:30
Ryan Reaves 0 0 0 0 0 0 0 0 0 0 0/0 0:00 0:00 0:00
Seth Jarvis 1 1 2 2 0 2 0 0 0 0 3/8 21:35 1:34 5:39
Trent Frederic 0 0 0 1 0 2 2 0 0 0 0/0 11:38 0:00 5:34
Vitali Kravtsov 0 0 0 -1 2 0 0 0 0 0 0/1 12:01 0:00 0:00
3 Stars
1 - Andrei Svechnikov (LAK)
2 - Owen Power (LAK)
3 - Seth Jarvis (LAK)
Power Play
Chicago Black Hawks - 1 on 6 Attempt(s) - 16.67%
Los Angeles Kings - 1 on 3 Attempt(s) - 33.33%
Penalty Kill
Chicago Black Hawks - 2 on 3 Attempt(s) - 66.67%
- Score 0 goal in Penalty Kill
Los Angeles Kings - 5 on 6 Attempt(s) - 83.33%
- Score 2 goal in Penalty Kill
Team Stat
Chicago Black Hawks - Hits : 16 - Faceoff Wins : 44 - Blocked Shots : 5 - Penalty Minutes : 6
Los Angeles Kings - Hits : 14 - Faceoff Wins : 19 - Blocked Shots : 13 - Penalty Minutes : 12
Official
Referees : Justin Kea and Corey Syvret
Linesman : Justin Johnson and Bryan Pancich
Game Notes
Andrei Svechnikov has scored a Hat Trick!
Finance
Level 1 -- Attendance: 4624 (77.07%) -- Ticket Income $462,400
Level 2 -- Attendance: 3874 (77.48%) -- Ticket Income $232,440
Level 3 -- Attendance: 2174 (72.47%) -- Ticket Income $76,090
Level 4 -- Attendance: 3642 (72.84%) -- Ticket Income $91,050
Luxury Box -- Attendance: 830 (83.00%) -- Ticket Income $166,000
Game was played at the Staples Center.
Total Attendance: 15144 (75.72%)
Total Ticket Income: $1,027,980
Other Income: $359,793
Total Income: $1,387,773
Chicago Black Hawks
5 vs 5 Forward
Center Left Wing Right Wing Time % Phy DF OF
1 Sidney Crosby Chris Kreider Brayden Point 30 0 1 4
2 Bo Horvat Filip Forsberg Brandon Hagel 30 0 2 3
3 Jamie Benn Kevin Fiala Lucas Raymond 25 0 1 4
4 Nicholas Paul Alex DeBrincat Ryan Hartman 15 0 2 3
5 vs 5 Defense
Defense Defense Time % Phy DF OF
1 Cale Makar Seth Jones 36 0 3 2
2 Devon Toews Travis Sanheim 34 0 3 2
3 Marcus Pettersson Filip Hronek 20 0 4 1
4 Cale Makar Seth Jones 10 0 4 1
PowerPlay Forward
Center Left Wing Right Wing Time % Phy DF OF
1 Sidney Crosby Brandon Hagel Brayden Point 50 0 0 5
2 Bo Horvat Filip Forsberg Chris Kreider 50 0 0 5
PowerPlay Defense
Defense Defense Time % Phy DF OF
1 Cale Makar Seth Jones 50 0 1 4
2 Travis Sanheim Filip Hronek 50 0 1 4
Penalty Kill 4 Players Forward
Center Wing Time % Phy DF OF
1 Jamie Benn Ryan Hartman 50 0 5 0
2 Nicholas Paul Brandon Hagel 50 0 5 0
Penalty Kill 4 Players Defense
Defense Defense Time % Phy DF OF
1 Seth Jones Devon Toews 50 0 5 0
2 Cale Makar Travis Sanheim 50 0 5 0
Penalty Kill - 3 Players Forward
Forward Time % Phy DF OF
1 Ryan Hartman 50 0 5 0
2 Nicholas Paul 50 0 5 0
Penalty Kill - 3 Players Defense
Defense Defense Time % Phy DF OF
1 Cale Makar Seth Jones 50 0 5 0
2 Devon Toews Marcus Pettersson 50 0 5 0
4 vs 4 Forward
Center Wing Time % Phy DF OF
1 Jamie Benn Kevin Fiala 50 0 2 3
2 Nicholas Paul Alex DeBrincat 50 1 1 3
4 vs 4 Defense
Defense Defense Time % Phy DF OF
1 Devon Toews Filip Hronek 50 0 3 2
2 Marcus Pettersson Cale Makar 50 0 3 2
Last Minutes Offensive
Center Left Wing Right Wing Defense Defense
Sidney Crosby Chris Kreider Brayden Point Cale Makar Seth Jones
Last Minutes Defensive
Center Left Wing Right Wing Defense Defense
Nicholas Paul Brandon Hagel Ryan Hartman Cale Makar Seth Jones
Goaltenders
Starting : Adin Hill
Backup : Thatcher Demko
Extra Forwards
Normal : Alex DeBrincat, Lucas Raymond, Kevin Fiala - PP : Alex DeBrincat, Lucas Raymond - PK : Brandon Hagel
Extra Defensemen
Normal : Filip Hronek, Marcus Pettersson, Devon Toews - PP : Travis Sanheim - PK : Devon Toews, Filip Hronek
Penalty Shots
Lucas Raymond, Alex DeBrincat, Sidney Crosby, Brayden Point, Devon Toews
Scratches
Caleb Jones (Healthy)
Los Angeles Kings
5 vs 5 Forward
Center Left Wing Right Wing Time % Phy DF OF
1 Logan Cooley Peyton Krebs Seth Jarvis 30 1 2 2
2 Adam Fantilli Michael Milne Andrei Svechnikov 30 1 2 2
3 Michael Eyssimont Vitali Kravtsov Andrei Kuzmenko 25 1 2 2
4 Blake Wheeler Michael Milne Trent Frederic 15 1 2 2
5 vs 5 Defense
Defense Defense Time % Phy DF OF
1 Noah Dobson K'Andre Miller 35 1 2 2
2 Alexander Romanov Owen Power 35 1 2 2
3 Joshua Brown Jakub Zboril 30 1 2 2
4 Noah Dobson K'Andre Miller 0 1 2 2
PowerPlay Forward
Center Left Wing Right Wing Time % Phy DF OF
1 Logan Cooley Peyton Krebs Seth Jarvis 50 1 2 2
2 Adam Fantilli Michael Milne Andrei Svechnikov 50 1 2 2
PowerPlay Defense
Defense Defense Time % Phy DF OF
1 Noah Dobson K'Andre Miller 50 1 2 2
2 Alexander Romanov Owen Power 50 1 2 2
Penalty Kill 4 Players Forward
Center Wing Time % Phy DF OF
1 Seth Jarvis Andrei Svechnikov 50 1 2 2
2 Andrei Kuzmenko Trent Frederic 50 1 2 2
Penalty Kill 4 Players Defense
Defense Defense Time % Phy DF OF
1 Noah Dobson K'Andre Miller 50 1 2 2
2 Alexander Romanov Owen Power 50 1 2 2
Penalty Kill - 3 Players Forward
Forward Time % Phy DF OF
1 Seth Jarvis 50 1 2 2
2 Andrei Svechnikov 50 1 2 2
Penalty Kill - 3 Players Defense
Defense Defense Time % Phy DF OF
1 Noah Dobson K'Andre Miller 50 1 2 2
2 Alexander Romanov Owen Power 50 1 2 2
4 vs 4 Forward
Center Wing Time % Phy DF OF
1 Seth Jarvis Andrei Svechnikov 50 1 2 2
2 Andrei Kuzmenko Trent Frederic 50 1 2 2
4 vs 4 Defense
Defense Defense Time % Phy DF OF
1 Noah Dobson K'Andre Miller 50 1 2 2
2 Alexander Romanov Owen Power 50 1 2 2
Last Minutes Offensive
Center Left Wing Right Wing Defense Defense
Logan Cooley Peyton Krebs Seth Jarvis Noah Dobson K'Andre Miller
Last Minutes Defensive
Center Left Wing Right Wing Defense Defense
Logan Cooley Peyton Krebs Seth Jarvis Noah Dobson K'Andre Miller
Goaltenders
Starting : Jonas Johansson
Backup : Andrei Vasilevskiy
Extra Forwards
Normal : Blake Wheeler, Ryan Reaves, Michael Eyssimont - PP : Blake Wheeler, Ryan Reaves - PK : Michael Eyssimont
Extra Defensemen
Normal : Joshua Brown, Jakub Zboril, Alexander Romanov - PP : Joshua Brown - PK : Jakub Zboril, Alexander Romanov
Penalty Shots
Seth Jarvis, Andrei Svechnikov, Andrei Kuzmenko, Trent Frederic, Logan Cooley
Scratches
Ruslan Iskhakov (Healthy), Cooper Marody (Healthy), Nicklas Backstrom (Healthy), Erik Brannstrom (Healthy)
% Time on Ice - Chicago Black Hawks
Lines # - Real PCT - Wanted PCT - Time Play
Normal Forward
1 - 29% - 30% - 13:03
2 - 29% - 30% - 13:06
3 - 26% - 25% - 11:55
4 - 16% - 15% - 7:19
Normal Defense
1 - 37% - 36% - 16:39
2 - 35% - 34% - 16:00
3 - 22% - 20% - 10:11
4 - 6% - 10% - 2:33
PP Forward
1 - 50% - 50% - 5:50
2 - 50% - 50% - 5:44
PP Defense
1 - 51% - 50% - 5:51
2 - 49% - 50% - 5:43
PK Forward
1 - 53% - 50% - 1:37
2 - 47% - 50% - 1:26
PK Defense
1 - 25% - 50% - 0:46
2 - 75% - 50% - 2:17
PK3 Forward
1 - 0% - 50%
2 - 0% - 50%
PK3 Defense
1 - 0% - 50%
2 - 0% - 50%
44 Forward
1 - 0% - 50%
2 - 0% - 50%
44 Defense
1 - 0% - 50%
2 - 0% - 50%
Last Minute Offensive - 0:00
Last Minute Defensive - 0:00
Total
Forward - 60:00
Defense - 60:00
|
% Time on Ice - Los Angeles Kings
Lines # - Real PCT - Wanted PCT - Time Play
Normal Forward
1 - 32% - 30% - 14:28
2 - 29% - 30% - 12:58
3 - 26% - 25% - 11:58
4 - 13% - 15% - 5:59
Normal Defense
1 - 34% - 35% - 15:27
2 - 34% - 35% - 15:27
3 - 31% - 30% - 14:01
4 - 1% - 0% - 0:28
PP Forward
1 - 51% - 50% - 1:34
2 - 49% - 50% - 1:29
PP Defense
1 - 38% - 50% - 1:10
2 - 62% - 50% - 1:53
PK Forward
1 - 51% - 50% - 5:54
2 - 49% - 50% - 5:40
PK Defense
1 - 51% - 50% - 5:53
2 - 49% - 50% - 5:41
PK3 Forward
1 - 0% - 50%
2 - 0% - 50%
PK3 Defense
1 - 0% - 50%
2 - 0% - 50%
44 Forward
1 - 0% - 50%
2 - 0% - 50%
44 Defense
1 - 0% - 50%
2 - 0% - 50%
Last Minute Offensive - 0:00
Last Minute Defensive - 0:00
Total
Forward - 60:00
Defense - 60:00
|
Play-by-Play
1st period
0:01 of 1st period - Sidney Crosby wins face-off versus Logan Cooley in neutral zone.
0:08 of 1st period - Slapshot by Brayden Point.
0:08 of 1st period - Deflect By Chris Kreider.
0:08 of 1st period - Stopped by Jonas Johansson without a rebound.
0:09 of 1st period - Logan Cooley wins face-off versus Sidney Crosby in Los Angeles Kings zone.
0:16 of 1st period - Slapshot by Seth Jarvis.
0:16 of 1st period - Stopped by Adin Hill with a rebound.
0:40 of 1st period - Wrist shot by Chris Kreider.
0:40 of 1st period - Shot Misses the Net.
0:42 of 1st period - Wrist shot by Seth Jones.
0:42 of 1st period - Deflect By Brayden Point.
0:42 of 1st period - Stopped by Jonas Johansson without a rebound.
0:43 of 1st period - Adam Fantilli wins face-off versus Filip Forsberg in Los Angeles Kings zone.
0:52 of 1st period - Snap shot by Filip Forsberg.
0:52 of 1st period - Stopped by Jonas Johansson with a rebound.
0:58 of 1st period - Snap shot by Filip Forsberg.
0:58 of 1st period - Shot Misses the Net.
1:12 of 1st period - Wrist shot by Andrei Svechnikov.
1:12 of 1st period - Shot Misses the Net.
1:14 of 1st period - Wrist shot by Owen Power.
1:14 of 1st period - Stopped by Adin Hill without a rebound.
1:15 of 1st period - Nicholas Paul wins face-off versus Michael Eyssimont in Chicago Black Hawks zone.
2:03 of 1st period - Filip Forsberg is hit by Trent Frederic and loses puck.
3:26 of 1st period - Wrist shot by Michael Eyssimont.
3:26 of 1st period - Stopped by Adin Hill without a rebound.
3:27 of 1st period - Bo Horvat wins face-off versus Michael Eyssimont in Chicago Black Hawks zone.
3:32 of 1st period - Snap shot by Bo Horvat.
3:32 of 1st period - Deflect By Filip Forsberg.
3:32 of 1st period - Shot Blocked by Noah Dobson.
3:32 of 1st period - Puck is out of play.
3:33 of 1st period - Bo Horvat wins face-off versus Adam Fantilli in Los Angeles Kings zone.
3:57 of 1st period - Minor Penalty to Andrei Svechnikov for Cross-checking.
3:58 of 1st period - Sidney Crosby wins face-off versus Seth Jarvis in Los Angeles Kings zone.
3:59 of 1st period - Snap shot by Brandon Hagel.
3:59 of 1st period - Stopped by Jonas Johansson with a rebound.
5:50 of 1st period - Brayden Point is hit by Peyton Krebs and loses puck.
5:57 of 1st period - Penalty to Andrei Svechnikov is over, Andrei Svechnikov is back on ice.
6:03 of 1st period - Wrist shot by Andrei Svechnikov.
6:03 of 1st period - Stopped by Adin Hill without a rebound.
6:04 of 1st period - Jamie Benn wins face-off versus Adam Fantilli in Chicago Black Hawks zone.
6:20 of 1st period - Joshua Brown is hit by Kevin Fiala and loses puck.
6:31 of 1st period - Slapshot by Lucas Raymond.
6:31 of 1st period - Stopped by Jonas Johansson with a rebound.
6:37 of 1st period - Snap shot by Kevin Fiala.
6:37 of 1st period - Stopped by Jonas Johansson without a rebound.
6:38 of 1st period - Logan Cooley wins face-off versus Chris Kreider in Los Angeles Kings zone.
7:03 of 1st period - Michael Eyssimont is hit by Brandon Hagel and loses puck.
7:34 of 1st period - Filip Hronek is hit by Trent Frederic and loses puck.
8:14 of 1st period - Michael Eyssimont is hit by Chris Kreider and loses puck.
8:19 of 1st period - Wrist shot by Brayden Point.
8:19 of 1st period - Stopped by Jonas Johansson without a rebound.
8:20 of 1st period - Bo Horvat wins face-off versus Logan Cooley in Los Angeles Kings zone.
8:33 of 1st period - Snap shot by Filip Forsberg.
8:33 of 1st period - Shot Misses the Net.
9:13 of 1st period - Wrist shot by Bo Horvat.
9:13 of 1st period - Shot Misses the Net.
9:54 of 1st period - Snap shot by Owen Power.
9:54 of 1st period - Stopped by Adin Hill with a rebound.
9:56 of 1st period - Slapshot by Alexander Romanov.
9:56 of 1st period - Deflect By Andrei Svechnikov.
9:56 of 1st period - Goal by Andrei Svechnikov - Chicago Black Hawks : 0 - Los Angeles Kings : 1.
9:57 of 1st period - Sidney Crosby wins face-off versus Michael Eyssimont in neutral zone.
10:02 of 1st period - Wrist shot by Brayden Point.
10:02 of 1st period - Stopped by Jonas Johansson without a rebound.
10:03 of 1st period - Michael Eyssimont wins face-off versus Sidney Crosby in Los Angeles Kings zone.
10:09 of 1st period - Snap shot by Joshua Brown.
10:09 of 1st period - Deflect By Andrei Kuzmenko.
10:09 of 1st period - Shot Misses the Net.
10:09 of 1st period - Puck is out of play.
10:10 of 1st period - Sidney Crosby wins face-off versus Logan Cooley in Chicago Black Hawks zone.
10:50 of 1st period - Snap shot by Logan Cooley.
10:50 of 1st period - Shot Misses the Net.
10:52 of 1st period - Slapshot by Noah Dobson.
10:52 of 1st period - Deflect By Cale Makar.
10:52 of 1st period - Stopped by Adin Hill with a rebound.
11:16 of 1st period - Snap shot by Andrei Kuzmenko.
11:16 of 1st period - Stopped by Adin Hill without a rebound.
11:17 of 1st period - Brayden Point wins face-off versus Blake Wheeler in Chicago Black Hawks zone.
11:22 of 1st period - Michael Milne is hit by Devon Toews and loses puck.
12:31 of 1st period - Wrist shot by Filip Forsberg.
12:31 of 1st period - Shot Misses the Net.
12:51 of 1st period - Snap shot by Chris Kreider.
12:51 of 1st period - Shot Misses the Net.
12:55 of 1st period - Slapshot by Sidney Crosby.
12:55 of 1st period - Stopped by Jonas Johansson with a rebound.
12:57 of 1st period - Snap shot by Brayden Point.
12:57 of 1st period - Stopped by Jonas Johansson with a rebound.
13:15 of 1st period - Wrist shot by Lucas Raymond.
13:15 of 1st period - Shot Blocked by Joshua Brown.
13:27 of 1st period - Marcus Pettersson is hit by Joshua Brown and loses puck.
14:17 of 1st period - Icing by Cale Makar.
14:18 of 1st period - Jamie Benn wins face-off versus Logan Cooley in Chicago Black Hawks zone.
14:32 of 1st period - Off-side.
14:33 of 1st period - Sidney Crosby wins face-off versus Adam Fantilli in neutral zone.
14:38 of 1st period - Slapshot by Sidney Crosby.
14:38 of 1st period - Shot Blocked by Noah Dobson.
14:40 of 1st period - Snap shot by Chris Kreider.
14:40 of 1st period - Shot Misses the Net.
14:42 of 1st period - Slapshot by Travis Sanheim.
14:42 of 1st period - Shot Blocked by Adam Fantilli.
14:44 of 1st period - Wrist shot by Chris Kreider.
14:44 of 1st period - Stopped by Jonas Johansson without a rebound.
14:45 of 1st period - Sidney Crosby wins face-off versus Michael Eyssimont in Los Angeles Kings zone.
14:48 of 1st period - Snap shot by Brayden Point.
14:48 of 1st period - Stopped by Jonas Johansson with a rebound.
14:50 of 1st period - Snap shot by Sidney Crosby.
14:50 of 1st period - Stopped by Jonas Johansson without a rebound.
14:51 of 1st period - Sidney Crosby wins face-off versus Michael Eyssimont in Los Angeles Kings zone.
14:52 of 1st period - Snap shot by Chris Kreider.
14:52 of 1st period - Shot Blocked by Michael Eyssimont.
15:06 of 1st period - Snap shot by Sidney Crosby.
15:06 of 1st period - Stopped by Jonas Johansson with a rebound.
15:48 of 1st period - Wrist shot by Lucas Raymond.
15:48 of 1st period - Deflect By Seth Jarvis.
15:48 of 1st period - Stopped by Jonas Johansson with a rebound.
17:04 of 1st period - Wrist shot by Kevin Fiala.
17:04 of 1st period - Shot Blocked by Joshua Brown.
17:26 of 1st period - Slapshot by Andrei Kuzmenko.
17:26 of 1st period - Deflect By Michael Eyssimont.
17:26 of 1st period - Shot Blocked by Filip Hronek.
17:26 of 1st period - Puck is out of play.
17:27 of 1st period - Sidney Crosby wins face-off versus Michael Eyssimont in Chicago Black Hawks zone.
17:37 of 1st period - Snap shot by Michael Eyssimont.
17:37 of 1st period - Shot Misses the Net.
18:54 of 1st period - Joshua Brown is hit by Filip Hronek and loses puck.
19:23 of 1st period - Icing by Filip Forsberg.
19:24 of 1st period - Logan Cooley wins face-off versus Bo Horvat in Chicago Black Hawks zone.
19:29 of 1st period - Slapshot by Logan Cooley.
19:29 of 1st period - Shot Misses the Net.
Goals for this period are 0 for Chicago Black Hawks vs 1 for Los Angeles Kings.
Shots for this period are 15 for Chicago Black Hawks vs 8 for Los Angeles Kings.
2nd period
0:01 of 2nd period - Adam Fantilli wins face-off versus Sidney Crosby in neutral zone.
0:12 of 2nd period - Slapshot by Andrei Svechnikov.
0:12 of 2nd period - Stopped by Adin Hill without a rebound.
0:13 of 2nd period - Jamie Benn wins face-off versus Blake Wheeler in Chicago Black Hawks zone.
0:38 of 2nd period - Brayden Point is hit by Owen Power and loses puck.
1:27 of 2nd period - Wrist shot by Alex DeBrincat.
1:27 of 2nd period - Stopped by Jonas Johansson with a rebound.
1:30 of 2nd period - Icing by Andrei Svechnikov.
1:31 of 2nd period - Jamie Benn wins face-off versus Adam Fantilli in Los Angeles Kings zone.
1:40 of 2nd period - Snap shot by Kevin Fiala.
1:40 of 2nd period - Shot Blocked by Andrei Svechnikov.
1:42 of 2nd period - Snap shot by Filip Hronek.
1:42 of 2nd period - Stopped by Jonas Johansson without a rebound.
1:43 of 2nd period - Seth Jarvis wins face-off versus Sidney Crosby in Los Angeles Kings zone.
2:08 of 2nd period - Jamie Benn is hit by Owen Power.
2:18 of 2nd period - Slapshot by Adam Fantilli.
2:18 of 2nd period - Shot Misses the Net.
2:55 of 2nd period - Off-side.
2:56 of 2nd period - Brayden Point wins face-off versus Blake Wheeler in neutral zone.
2:58 of 2nd period - Minor Penalty to Cale Makar for High sticking.
2:59 of 2nd period - Logan Cooley wins face-off versus Jamie Benn in Chicago Black Hawks zone.
3:15 of 2nd period - Snap shot by Logan Cooley.
3:15 of 2nd period - Stopped by Adin Hill with a rebound.
4:58 of 2nd period - Penalty to Cale Makar is over, Cale Makar is back on ice.
5:15 of 2nd period - Slapshot by Devon Toews.
5:15 of 2nd period - Goal by Devon Toews - Chicago Black Hawks : 1 - Los Angeles Kings : 1.
5:16 of 2nd period - Sidney Crosby wins face-off versus Michael Eyssimont in neutral zone.
6:05 of 2nd period - Wrist shot by Filip Forsberg.
6:05 of 2nd period - Stopped by Jonas Johansson without a rebound.
6:06 of 2nd period - Bo Horvat wins face-off versus Adam Fantilli in Los Angeles Kings zone.
6:15 of 2nd period - Slapshot by Bo Horvat.
6:15 of 2nd period - Shot Misses the Net.
6:52 of 2nd period - Off-side.
6:53 of 2nd period - Michael Eyssimont wins face-off versus Jamie Benn in neutral zone.
7:13 of 2nd period - Minor Penalty to Seth Jones for Holding.
7:14 of 2nd period - Adam Fantilli wins face-off versus Jamie Benn in Chicago Black Hawks zone.
7:14 of 2nd period - Wrist shot by Andrei Svechnikov.
7:14 of 2nd period - Goal by Andrei Svechnikov - Chicago Black Hawks : 1 - Los Angeles Kings : 2.
7:15 of 2nd period - Adam Fantilli wins face-off versus Bo Horvat in neutral zone.
7:59 of 2nd period - Slapshot by Andrei Kuzmenko.
7:59 of 2nd period - Shot Misses the Net.
8:01 of 2nd period - Slapshot by Alexander Romanov.
8:01 of 2nd period - Deflect By Andrei Kuzmenko.
8:01 of 2nd period - Stopped by Adin Hill without a rebound.
8:02 of 2nd period - Jamie Benn wins face-off versus Andrei Kuzmenko in Chicago Black Hawks zone.
8:13 of 2nd period - Slapshot by Andrei Kuzmenko.
8:13 of 2nd period - Shot Misses the Net.
8:27 of 2nd period - Travis Sanheim is hit by K'Andre Miller and loses puck.
8:44 of 2nd period - Minor Penalty to K'Andre Miller for Hooking.
8:45 of 2nd period - Bo Horvat wins face-off versus Andrei Kuzmenko in Los Angeles Kings zone.
10:44 of 2nd period - Penalty to K'Andre Miller is over, K'Andre Miller is back on ice.
10:56 of 2nd period - Wrist shot by Adam Fantilli.
10:56 of 2nd period - Stopped by Adin Hill without a rebound.
10:57 of 2nd period - Adam Fantilli wins face-off versus Nicholas Paul in Chicago Black Hawks zone.
11:00 of 2nd period - Slapshot by Adam Fantilli.
11:00 of 2nd period - Deflect By Andrei Svechnikov.
11:00 of 2nd period - Goal by Andrei Svechnikov - Chicago Black Hawks : 1 - Los Angeles Kings : 3.
11:01 of 2nd period - Sidney Crosby wins face-off versus Adam Fantilli in neutral zone.
11:12 of 2nd period - Snap shot by Chris Kreider.
11:12 of 2nd period - Shot Misses the Net.
11:14 of 2nd period - Wrist shot by Brayden Point.
11:14 of 2nd period - Goal by Brayden Point - Chicago Black Hawks : 2 - Los Angeles Kings : 3.
11:15 of 2nd period - Adam Fantilli wins face-off versus Sidney Crosby in neutral zone.
11:18 of 2nd period - Wrist shot by Adam Fantilli.
11:18 of 2nd period - Stopped by Adin Hill with a rebound.
11:20 of 2nd period - Snap shot by Alexander Romanov.
11:20 of 2nd period - Shot Blocked by Chris Kreider.
11:22 of 2nd period - Slapshot by Owen Power.
11:22 of 2nd period - Stopped by Adin Hill with a rebound.
11:24 of 2nd period - Backhand shot by Adam Fantilli.
11:24 of 2nd period - Stopped by Adin Hill with a rebound.
11:26 of 2nd period - Slapshot by Alexander Romanov.
11:26 of 2nd period - Stopped by Adin Hill without a rebound.
11:27 of 2nd period - Adam Fantilli wins face-off versus Bo Horvat in Chicago Black Hawks zone.
12:01 of 2nd period - Wrist shot by Brayden Point.
12:01 of 2nd period - Stopped by Jonas Johansson without a rebound.
12:02 of 2nd period - Sidney Crosby wins face-off versus Logan Cooley in Los Angeles Kings zone.
12:07 of 2nd period - Snap shot by Chris Kreider.
12:07 of 2nd period - Shot Misses the Net.
12:09 of 2nd period - Wrist shot by Sidney Crosby.
12:09 of 2nd period - Stopped by Jonas Johansson with a rebound.
12:34 of 2nd period - Off-side.
12:35 of 2nd period - Jamie Benn wins face-off versus Blake Wheeler in neutral zone.
12:42 of 2nd period - Slapshot by Lucas Raymond.
12:42 of 2nd period - Shot Misses the Net.
12:48 of 2nd period - Wrist shot by Jamie Benn.
12:48 of 2nd period - Stopped by Jonas Johansson with a rebound.
13:08 of 2nd period - Snap shot by Filip Forsberg.
13:08 of 2nd period - Shot Misses the Net.
13:52 of 2nd period - Wrist shot by Andrei Svechnikov.
13:52 of 2nd period - Stopped by Adin Hill with a rebound.
14:58 of 2nd period - Double Minor Penalty to Noah Dobson for Slashing.
14:59 of 2nd period - Sidney Crosby wins face-off versus Andrei Kuzmenko in Los Angeles Kings zone.
15:04 of 2nd period - Snap shot by Sidney Crosby.
15:04 of 2nd period - Stopped by Jonas Johansson with a rebound.
15:06 of 2nd period - Snap shot by Seth Jones.
15:06 of 2nd period - Shot Blocked by Andrei Kuzmenko.
15:08 of 2nd period - Slapshot by Seth Jones.
15:08 of 2nd period - Stopped by Jonas Johansson with a rebound.
15:10 of 2nd period - Slapshot by Cale Makar.
15:10 of 2nd period - Shot Misses the Net.
15:36 of 2nd period - Slapshot by Trent Frederic.
15:36 of 2nd period - Stopped by Adin Hill with a rebound.
15:38 of 2nd period - Snap shot by K'Andre Miller.
15:38 of 2nd period - Stopped by Adin Hill with a rebound.
15:40 of 2nd period - Wrist shot by Trent Frederic.
15:40 of 2nd period - Shot Misses the Net.
15:42 of 2nd period - Snap shot by Jakub Zboril.
15:42 of 2nd period - Stopped by Adin Hill with a rebound.
15:44 of 2nd period - Slapshot by K'Andre Miller.
15:44 of 2nd period - Stopped by Adin Hill without a rebound.
15:45 of 2nd period - Seth Jarvis wins face-off versus Sidney Crosby in Chicago Black Hawks zone.
15:46 of 2nd period - Wrist shot by Andrei Svechnikov.
15:46 of 2nd period - Goal by Andrei Svechnikov - Chicago Black Hawks : 2 - Los Angeles Kings : 4.
15:47 of 2nd period - Seth Jarvis wins face-off versus Sidney Crosby in neutral zone.
16:00 of 2nd period - Snap shot by Andrei Kuzmenko.
16:00 of 2nd period - Goal by Andrei Kuzmenko - Chicago Black Hawks : 2 - Los Angeles Kings : 5.
16:01 of 2nd period - Bo Horvat wins face-off versus Seth Jarvis in neutral zone.
16:03 of 2nd period - Off-side.
16:04 of 2nd period - Bo Horvat wins face-off versus Seth Jarvis in neutral zone.
16:37 of 2nd period - Snap shot by Sidney Crosby.
16:37 of 2nd period - Goal by Sidney Crosby - Chicago Black Hawks : 3 - Los Angeles Kings : 5.
16:38 of 2nd period - Bo Horvat wins face-off versus Andrei Kuzmenko in neutral zone.
16:45 of 2nd period - Snap shot by Bo Horvat.
16:45 of 2nd period - Shot Blocked by Owen Power.
16:47 of 2nd period - Slapshot by Filip Hronek.
16:47 of 2nd period - Shot Misses the Net.
17:45 of 2nd period - K'Andre Miller is hit by Filip Forsberg and loses puck.
18:02 of 2nd period - Andrei Svechnikov is hit by Filip Forsberg and loses puck.
18:37 of 2nd period - Penalty to Noah Dobson is over, Noah Dobson is back on ice.
18:47 of 2nd period - Wrist shot by Trent Frederic.
18:47 of 2nd period - Stopped by Adin Hill without a rebound.
18:48 of 2nd period - Jamie Benn wins face-off versus Blake Wheeler in Chicago Black Hawks zone.
19:10 of 2nd period - Nicholas Paul is hit by Andrei Kuzmenko and loses puck.
19:46 of 2nd period - Jakub Zboril is hit by Brayden Point and loses puck.
Goals for this period are 3 for Chicago Black Hawks vs 4 for Los Angeles Kings.
Shots for this period are 11 for Chicago Black Hawks vs 18 for Los Angeles Kings.
3rd period
0:01 of 3rd period - Bo Horvat wins face-off versus Adam Fantilli in neutral zone.
0:26 of 3rd period - Peyton Krebs is hit by Seth Jones and loses puck.
1:16 of 3rd period - Wrist shot by Nicholas Paul.
1:16 of 3rd period - Shot Hit the Post.
2:04 of 3rd period - Snap shot by Sidney Crosby.
2:04 of 3rd period - Deflect By Logan Cooley.
2:04 of 3rd period - Shot Misses the Net.
2:04 of 3rd period - Puck is out of play.
2:05 of 3rd period - Jamie Benn wins face-off versus Michael Eyssimont in Los Angeles Kings zone.
2:53 of 3rd period - Snap shot by Bo Horvat.
2:53 of 3rd period - Shot Misses the Net.
2:55 of 3rd period - Snap shot by Brandon Hagel.
2:55 of 3rd period - Stopped by Jonas Johansson without a rebound.
2:56 of 3rd period - Michael Eyssimont wins face-off versus Bo Horvat in Los Angeles Kings zone.
2:56 of 3rd period - Michael Eyssimont is hit by Filip Forsberg.
3:08 of 3rd period - Wrist shot by Bo Horvat.
3:08 of 3rd period - Shot Misses the Net.
3:10 of 3rd period - Slapshot by Seth Jones.
3:10 of 3rd period - Shot Blocked by Andrei Kuzmenko.
3:12 of 3rd period - Slapshot by Bo Horvat.
3:12 of 3rd period - Stopped by Jonas Johansson without a rebound.
3:13 of 3rd period - Sidney Crosby wins face-off versus Adam Fantilli in Los Angeles Kings zone.
3:14 of 3rd period - Snap shot by Brayden Point.
3:14 of 3rd period - Stopped by Jonas Johansson with a rebound.
4:44 of 3rd period - Snap shot by Chris Kreider.
4:44 of 3rd period - Shot Blocked by Blake Wheeler.
4:46 of 3rd period - Snap shot by Chris Kreider.
4:46 of 3rd period - Shot Misses the Net.
4:48 of 3rd period - Slapshot by Devon Toews.
4:48 of 3rd period - Shot Misses the Net.
4:50 of 3rd period - Wrist shot by Chris Kreider.
4:50 of 3rd period - Stopped by Jonas Johansson without a rebound.
4:51 of 3rd period - Bo Horvat wins face-off versus Logan Cooley in Los Angeles Kings zone.
4:58 of 3rd period - Snap shot by Filip Forsberg.
4:58 of 3rd period - Stopped by Jonas Johansson with a rebound.
5:27 of 3rd period - Marcus Pettersson is hit by Michael Eyssimont and loses puck.
6:41 of 3rd period - Slapshot by Filip Hronek.
6:41 of 3rd period - Stopped by Jonas Johansson with a rebound.
6:51 of 3rd period - Nicholas Paul is hit by Logan Cooley and loses puck.
6:58 of 3rd period - Jakub Zboril is hit by Travis Sanheim and loses puck.
8:21 of 3rd period - Alex DeBrincat is hit by Peyton Krebs and loses puck.
8:32 of 3rd period - Slapshot by Cale Makar.
8:32 of 3rd period - Deflect By Alex DeBrincat.
8:32 of 3rd period - Shot Misses the Net.
8:32 of 3rd period - Puck is out of play.
8:33 of 3rd period - Bo Horvat wins face-off versus Andrei Kuzmenko in Los Angeles Kings zone.
9:03 of 3rd period - Snap shot by Lucas Raymond.
9:03 of 3rd period - Shot Misses the Net.
9:05 of 3rd period - Snap shot by Jamie Benn.
9:05 of 3rd period - Shot Blocked by Owen Power.
9:07 of 3rd period - Wrist shot by Lucas Raymond.
9:07 of 3rd period - Stopped by Jonas Johansson without a rebound.
9:08 of 3rd period - Sidney Crosby wins face-off versus Logan Cooley in Los Angeles Kings zone.
9:36 of 3rd period - Icing by Filip Forsberg.
9:37 of 3rd period - Bo Horvat wins face-off versus Adam Fantilli in Chicago Black Hawks zone.
10:12 of 3rd period - Snap shot by Logan Cooley.
10:12 of 3rd period - Shot Blocked by Chris Kreider.
10:14 of 3rd period - Snap shot by Owen Power.
10:14 of 3rd period - Shot Blocked by Seth Jones.
10:16 of 3rd period - Wrist shot by Seth Jarvis.
10:16 of 3rd period - Goal by Seth Jarvis - Chicago Black Hawks : 3 - Los Angeles Kings : 6.
10:17 of 3rd period - Bo Horvat wins face-off versus Adam Fantilli in neutral zone.
10:28 of 3rd period - Snap shot by Filip Forsberg.
10:28 of 3rd period - Stopped by Jonas Johansson with a rebound.
10:54 of 3rd period - Minor Penalty to Jakub Zboril for Tripping.
10:55 of 3rd period - Bo Horvat wins face-off versus Seth Jarvis in Los Angeles Kings zone.
10:55 of 3rd period - Snap shot by Chris Kreider.
10:55 of 3rd period - Shot Misses the Net.
10:57 of 3rd period - Slapshot by Travis Sanheim.
10:57 of 3rd period - Stopped by Jonas Johansson with a rebound.
11:11 of 3rd period - Snap shot by Chris Kreider.
11:11 of 3rd period - Deflect By Bo Horvat.
11:11 of 3rd period - Shot Blocked by Alexander Romanov.
11:11 of 3rd period - Puck is out of play.
11:12 of 3rd period - Sidney Crosby wins face-off versus Andrei Kuzmenko in Los Angeles Kings zone.
11:51 of 3rd period - Wrist shot by Filip Forsberg.
11:51 of 3rd period - Shot Misses the Net.
12:03 of 3rd period - Trent Frederic is hit by Brayden Point and loses puck.
12:54 of 3rd period - Penalty to Jakub Zboril is over, Jakub Zboril is back on ice.
13:11 of 3rd period - Seth Jarvis is hit by Nicholas Paul and loses puck.
14:01 of 3rd period - Blake Wheeler is hit by Brandon Hagel and loses puck.
14:24 of 3rd period - Logan Cooley is hit by Ryan Hartman.
14:28 of 3rd period - Devon Toews is hit by Peyton Krebs and loses puck.
14:44 of 3rd period - Icing by Alexander Romanov.
14:45 of 3rd period - Lucas Raymond wins face-off versus Vitali Kravtsov in Los Angeles Kings zone.
15:30 of 3rd period - Logan Cooley is hit by Bo Horvat.
15:36 of 3rd period - Bo Horvat is hit by Peyton Krebs and loses puck.
16:11 of 3rd period - Snap shot by Andrei Kuzmenko.
16:11 of 3rd period - Stopped by Adin Hill without a rebound.
16:12 of 3rd period - Jamie Benn wins face-off versus Michael Eyssimont in Chicago Black Hawks zone.
16:23 of 3rd period - Slapshot by Devon Toews.
16:23 of 3rd period - Stopped by Jonas Johansson with a rebound.
16:25 of 3rd period - Minor Penalty to Vitali Kravtsov for Hooking.
16:26 of 3rd period - Sidney Crosby wins face-off versus Seth Jarvis in Los Angeles Kings zone.
16:35 of 3rd period - Snap shot by Brandon Hagel.
16:35 of 3rd period - Stopped by Jonas Johansson with a rebound.
16:37 of 3rd period - Slapshot by Seth Jones.
16:37 of 3rd period - Stopped by Jonas Johansson without a rebound.
16:38 of 3rd period - Andrei Kuzmenko wins face-off versus Sidney Crosby in Los Angeles Kings zone.
16:53 of 3rd period - Wrist shot by Brayden Point.
16:53 of 3rd period - Stopped by Jonas Johansson without a rebound.
16:54 of 3rd period - Andrei Kuzmenko wins face-off versus Bo Horvat in Los Angeles Kings zone.
17:21 of 3rd period - Brandon Hagel is hit by Alexander Romanov.
17:30 of 3rd period - Slapshot by Filip Hronek.
17:30 of 3rd period - Stopped by Jonas Johansson with a rebound.
18:25 of 3rd period - Penalty to Vitali Kravtsov is over, Vitali Kravtsov is back on ice.
18:56 of 3rd period - Minor Penalty to Ryan Hartman for Holding.
18:57 of 3rd period - Jamie Benn wins face-off versus Logan Cooley in Chicago Black Hawks zone.
19:55 of 3rd period - Wrist shot by Logan Cooley.
19:55 of 3rd period - Shot Blocked by Cale Makar.
Goals for this period are 0 for Chicago Black Hawks vs 1 for Los Angeles Kings.
Shots for this period are 14 for Chicago Black Hawks vs 2 for Los Angeles Kings.
Back to the Top